 Dungeon Crawl Stone Soup version 0.27.0-1-g7a089689b8 (webtiles) character file.

Game seed: 5361391328252661888

44 SnakkuSnakku7 the Skirmisher (level 3, -1/37 HPs)
             Began as an Ogre Enchanter on Aug 13, 2021.
             Slain by an adder (2 damage)
             ... on level 2 of the Dungeon.
             The game lasted 00:01:48 (1434 turns).

SnakkuSnakku7 the Skirmisher (Ogre Enchanter)       Turns: 1434, Time: 00:01:48

Health: -1/37      AC:  3    Str: 13    XL:     3   Next: 60%
Magic:  6/6        EV:  9    Int: 16    God:
Gold:   107        SH:  0    Dex:  9    Spells: 5/6 levels left

rFire    . . .     SeeInvis .   a - +0 long sword
rCold    . . .     Faith    .   (no shield)
rNeg     . . .     Spirit   .   b - +0 robe
rPois    .         Reflect  .   (helmet restricted)
rElec    .         Harm     .   (no cloak)
rCorr    .         Rampage  .   (gloves unavailable)
Will     .....                  (boots unavailable)
Stlth    ++........             (no amulet)
HPRegen  0.12/turn              (no ring)
MPRegen  0.10/turn              (no ring)

@: brilliant, lethally poisoned (-1 -> -5)
A: large, unfitting armour, tough skin 1
a: no special abilities


You were on level 2 of the Dungeon.
You visited 1 branch of the dungeon, and saw 2 of its levels.

You collected 107 gold pieces.

Inventory:

Hand Weapons
 a - a +0 long sword (weapon)
 e - a +1 dagger
Armour
 b - a +0 robe (worn)
Scrolls
 c - a scroll of magic mapping {unknown}
 d - 2 scrolls of enchant weapon {unknown}
 f - 2 scrolls of teleportation {unknown}
 h - a scroll of immolation {unknown}


   Skills:
 + Level 3.6 Fighting
 - Level 0.8(1.2) Short Blades
 + Level 1.1(1.3) Long Blades
 - Level 1.7 Dodging
 - Level 2.1 Stealth
 - Level 2.4 Spellcasting
 - Level 2.6 Hexes


You had 5 spell levels left.
You knew the following spells:

 Your Spells              Type           Power      Damage    Failure   Level
a - Corona                Hex            16%        N/A       7%          1

Your spell library contained the following spells:

 Spells                   Type           Power      Damage    Failure   Level
 Ensorcelled Hibernation  Hex/Ice        18%        N/A       17%         2
 Confusing Touch          Hex            15%        N/A       21%         3
 Tukima's Dance           Hex            15%        N/A       21%         3
 Dazzling Flash           Conj/Hex       18%        N/A       34%         3


Dungeon Overview and Level Annotations

Branches:
Dungeon (2/15)

Altars:


Innate Abilities, Weirdness & Mutations

You are too large for most types of armour.
You have tough skin. (AC +1)


Message History

The adder bites you. The hobgoblin barely misses you.
You hit the adder but do no damage.
The adder is heavily wounded.
The adder bites you.
The hobgoblin hits you but does no damage.
The adder bites you.
You barely miss the adder.
The adder is heavily wounded.
The adder bites you.
You are poisoned.
The adder poisons you! The hobgoblin hits you.
The adder bites you but does no damage. The hobgoblin closely misses you.
You are too injured to fight recklessly!
You are too injured to fight recklessly!
You barely miss the adder.
The adder is heavily wounded.
You feel sick. The adder bites you but does no damage.
The hobgoblin hits you but does no damage.
The adder barely misses you.
Unknown command.
You barely miss the adder.
The adder is heavily wounded.
You feel sick. The hobgoblin barely misses you.
The adder completely misses you.
You riposte.
You hit the adder.
The adder is heavily wounded.
Unknown command.
You barely miss the adder.
The adder is heavily wounded.
You feel sick. The adder bites you.
* * * LOW HITPOINT WARNING * * *
You are more poisoned.
The adder poisons you! The hobgoblin hits you.
* * * LOW HITPOINT WARNING * * *
The adder bites you but does no damage. The hobgoblin hits you.
* * * LOW HITPOINT WARNING * * *
It was a potion of brilliance.
You feel clever all of a sudden.
* * * LOW HITPOINT WARNING * * *
You feel sick. The adder bites you.
You die...

#. ... ###. .. .
... .. ..###..#.
.........
(.......#
......S.##
......>@.#
##....g..##
#....#...#
#....#...#########
#... ##..........#
#... #..........#
#.. #..........#
#.. ##.........#
###..########


You could see an adder and a hobgoblin.

Vanquished Creatures
  An adder (D:2)
  A dart slug (D:1)
  3 ball pythons
  4 endoplasms
  A goblin (D:2)
  2 hobgoblins (D:1)
  2 jackals (D:1)
  3 kobolds (D:1)
  2 quokkas (D:1)
  3 bats
  A frilled lizard (D:1)
  9 rats
32 creatures vanquished.

Notes
Turn   | Place    | Note
-------+----------+-------------------------------------------
     0 | D:1      | SnakkuSnakku7 the Ogre Enchanter began the quest for the
                  | Orb.
     0 | D:1      | Reached XP level 1. HP: 16/16 MP: 3/3
    37 | D:1      | Reached skill level 1 in Fighting
    82 | D:1      | Reached skill level 2 in Fighting
    99 | D:1      | Reached XP level 2. HP: 13/28 MP: 5/5
   772 | D:1      | Reached skill level 3 in Fighting
   862 | D:1      | Reached XP level 3. HP: 21/37 MP: 6/6
  1243 | D:2      | Reached skill level 1 in Long Blades
  1434 | D:2      | HP: 1/37 [poisoned by an adder]
  1434 | D:2      | Slain by an adder

Illustrated notes

Levels and vault maps discovered:
D:1:      shiori_shiawase, layout_loops_ring
D:2:      layout_basic, shapermc_ecumenical_altar_mp_vishouse,
          minmay_rat_gold_closets

Skill      XL: |  1  2  3 |
---------------+----------+-----
Fighting       | 2 3 |  3.6
Long Blades    | 1 |  1.1
Short Blades   | |  0.8
Dodging        | |  1.7
Stealth        | |  2.1
Spellcasting   | |  2.4
Hexes          | |  2.6

Action                   || total
-------------------------++-------
Melee: Dagger            ||    51
       Long sword        ||    64
  Use: Potion            ||     1
 Stab: Sleeping          ||     4
Armor: Robe              ||    42
Dodge: Dodged            ||    56
       Rpst.: Long sword ||    12
